Map: Ruby Rock LE

Players

SKillous - Winner!

  • Race: Protoss Protoss
  • League: Master
  • Spawn Location: 11:00

trigger

  • Race: Protoss Protoss
  • League: Grandmaster
  • Spawn Location: 5:00

Event: HomeStory Cup XXVIII

VOD

Have the link to the VOD?

Description

Time

  • Played on: Jan. 31, 2026, 12:04 p.m.
  • Length: 11:33

All games in this series

Show
View Real Time Build Order
Export as new Build Order

SKillous Protoss - Winner!

Build Orders:  

Get SALT Encoding   

  12  0:00  Probe  
  13  0:12  Probe  
  14  0:16  Pylon  
  14  0:23  Probe  
  15  0:31  Probe  
  16  0:38  Gateway  
  16  0:39  Probe  
  16  0:46  Assimilator  
  17  0:51  Probe  
  17  0:53  Assimilator  
  18  0:59  Probe  
  19  1:07  Gateway, Probe  
  20  1:17  Probe  
  20  1:25  Cybernetics Core  
  21  1:29  Probe  
  21  1:32  Pylon  
  22  1:41  Probe  
  23  1:53  Probe  
  24  2:01  Stargate  
  24  2:02  Warp Gate  
  24  2:06  Adept  
  24  2:07  Adept  
  28  2:15  Pylon  
  28  2:33  Stalker  
  28  2:34  Stalker  
  30  2:41  Probe  
  35  2:53  Probe  
  37  3:00  Pylon  
  37  3:05  Probe  
  38  3:08  Pylon  
  38  3:16  Robotics Facility  
  37  3:22  Probe  
  37  3:26  Pylon  
  38  3:35  Probe  
  39  3:44  Shield Battery  
  39  3:46  Pylon  
  39  3:53  Pylon  
  39  3:54  Immortal  
  39  4:02  Probe  
  39  4:05  Sentry  
  39  4:07  Zealot  
  45  4:10  Gateway  
  45  4:14  Pylon, Probe  
  43  4:26  Probe  
  43  4:29  Warp Prism  
  41  4:40  Stalker x2  
  46  4:48  Probe  
  46  4:51  Nexus  
  47  4:57  Probe  
  47  4:58  Pylon  
  48  5:07  Observer, Sentry x2  
  53  5:15  Probe  
  53  5:18  Shield Battery  
  54  5:27  Probe, Immortal  
  59  5:42  Probe  
  60  5:54  Probe  
  61  6:00  Forge  
  61  6:01  Probe  
  61  6:03  Immortal  
  61  6:06  Probe  
  61  6:09  Probe  
  67  6:15  Protoss Ground Weapons Level 1  
  67  6:18  Probe  
  69  6:19  Probe  
  70  6:27  Twilight Council  
  70  6:30  Probe, Assimilator  
  70  6:31  Probe  
  72  6:46  Nexus  
  72  6:49  Pylon  
  73  6:54  Resonating Glaives  
  72  7:01  Gateway  
  72  7:02  Gateway  
  72  7:05  Gateway  
  72  7:06  Gateway  
  72  7:08  Probe  
  73  7:09  Probe  
  74  7:15  Shield Battery  
  74  7:20  Adept x2, Probe  
  74  7:21  Probe  
  80  7:32  Probe  
  80  7:33  Probe  
  82  7:42  Adept x2  
  87  7:44  Probe, Immortal  
  87  7:45  Probe  
  87  7:51  Robotics Bay  
  92  7:54  Photon Cannon  
  92  7:57  Adept  
  94  7:58  Protoss Ground Weapons Level 2  
  94  8:00  Adept  
  96  8:05  Adept  
  96  8:09  Shield Battery  
  96  8:11  Pylon  
  98  8:13  Adept  
  100  8:21  Probe  
  101  8:28  Observer  
  101  8:29  Adept x4  
  109  8:35  Adept x2  
  113  8:43  Shield Battery, Disruptor  
  113  8:45  Shield Battery  
  113  8:46  Pylon  
  117  8:54  Assimilator  
  117  8:56  Adept  
  117  9:02  Adept x2  
  117  9:08  Adept x3  
  123  9:10  Probe  
  121  9:23  Probe  
  117  9:24  Probe  
  117  9:25  Disruptor  
  109  9:35  Pylon  
  109  9:36  Pylon  
  101  9:47  Adept  
  88  10:00  Stalker x3  
  94  10:09  Stalker  
  94  10:10  Probe  
  94  10:11  Probe  
  94  10:26  Probe  
  81  10:41  Stalker  
  79  10:43  Adept  
  79  10:45  Photon Cannon  
  71  10:57  Adept x2  
  71  11:05  Adept  
  73  11:12  Adept  
  75  11:18  Adept  
  75  11:22  Pylon  
Show
View Real Time Build Order
Export as new Build Order

trigger Protoss 

Build Orders:  

Get SALT Encoding   

  12  0:00  Probe  
  13  0:12  Probe  
  14  0:18  Pylon  
  14  0:24  Probe  
  15  0:33  Probe  
  15  0:38  Gateway  
  15  0:41  Probe  
  16  0:46  Assimilator  
  17  0:51  Probe  
  17  0:54  Assimilator  
  18  0:59  Probe  
  19  1:07  Gateway, Probe  
  20  1:17  Probe  
  20  1:24  Cybernetics Core  
  21  1:29  Probe  
  22  1:35  Pylon  
  22  1:41  Probe  
  23  1:53  Probe  
  24  1:54  Warp Gate  
  24  1:58  Stalker x2  
  28  2:07  Probe  
  29  2:13  Pylon  
  29  2:22  Robotics Facility  
  29  2:25  Stalker  
  31  2:30  Stalker  
  33  2:44  Gateway  
  33  2:56  Stalker  
  33  2:57  Stalker  
  36  3:07  Warp Prism  
  36  3:13  Shield Battery  
  38  3:22  Pylon  
  37  3:46  Stalker  
  37  3:48  Pylon  
  39  4:03  Nexus  
  39  4:06  Observer  
  39  4:07  Stalker  
  39  4:09  Sentry  
  44  4:15  Probe  
  45  4:25  Pylon  
  44  4:34  Immortal  
  44  4:36  Probe  
  49  4:50  Pylon  
  49  4:55  Probe  
  49  4:56  Sentry  
  52  5:06  Probe  
  53  5:09  Shield Battery  
  53  5:11  Probe  
  53  5:15  Probe  
  53  5:19  Probe  
  55  5:23  Probe  
  55  5:24  Immortal  
  61  5:29  Probe  
  62  5:39  Probe  
  62  5:41  Probe  
  64  5:46  Phoenix, Forge  
  64  5:49  Twilight Council  
  64  5:51  Probe  
  64  5:56  Sentry x2, Probe  
  70  6:01  Pylon  
  70  6:04  Probe  
  71  6:06  Protoss Ground Weapons Level 1  
  71  6:09  Probe  
  71  6:10  Immortal  
  72  6:16  Probe  
  77  6:21  Probe, Assimilator  
  78  6:27  Resonating Glaives  
  78  6:32  Probe  
  79  6:40  Gateway  
  79  6:45  Zealot x3, Phoenix, Observer  
  83  6:55  Pylon  
  83  6:56  Pylon  
  83  6:58  Pylon  
  83  7:01  Pylon  
  83  7:09  Gateway  
  83  7:11  Gateway  
  83  7:21  Adept x3, Phoenix  
  89  7:28  Immortal  
  93  7:38  Pylon  
  93  7:41  Adept x3  
  93  7:42  Sentry  
  101  7:56  Pylon  
  101  8:04  Adept x5  
  111  8:07  Adept  
  113  8:27  Adept x4  
  113  8:28  Adept x2  
  125  8:37  Pylon  
  125  8:38  Pylon  
  125  8:56  Immortal x2  
  125  9:00  Pylon  
  125  9:02  Adept x5  
  125  9:03  Adept  
  133  9:29  Adept x5  
  101  9:44  Adept  
  91  9:53  Adept x5  
  83  10:03  Stalker x5  
  88  10:14  Stalker  
  88  10:26  Stalker  
  88  10:29  Stalker x3  
  88  10:33  Stalker  
  72  10:44  Adept  
  40  11:06  Stalker x4  
Tags
 
Add a new tag
Caveats
  • Supply blocks, unpowered buildings, or Contaminate may cause inaccurate times.
  • Supply counts are checked every 10 seconds.